 Dungeon Crawl Stone Soup version 0.20.1-1-g8b1a95d (webtiles) character file.

597 Knicklaso the Poker (level 7, -9/54 HPs)
             Began as a Centaur Gladiator on July 21, 2017.
             Was a Follower of Hepliaklqana.
             Mangled by a yak (14 damage)
             ... on level 4 of the Dungeon.
             The game lasted 00:09:52 (3018 turns).

Knicklaso the Poker (Centaur Gladiator)             Turns: 3018, Time: 00:09:53

Health: -9/54      AC:  5    Str: 18    XL:     7   Next: 17%
Magic:  7/7        EV: 10    Int:  7    God:    Hepliaklqana [*.....]
Gold:   198        SH:  0    Dex: 11    Spells: 6/6 levels left

rFire    . . .     SeeInvis .   t - +0 spear (venom)
rCold    . . .     Gourm    .   (no shield)
rNeg     . . .     Faith    .   b - +0 leather armour
rPois    .         Spirit   .   c - +0 helmet
rElec    .         Reflect  .   (no cloak)
rCorr    .         Harm     .   (no gloves)
MR       .....                  (no barding)
Stlth    +.........             (no amulet)
Regen    0.2/turn               (no ring)
MPRegen  0.1/turn               (no ring)

@: very quick
A: reduced essence, hooves 3, deformed body, speed 2, tough skin 3
a: Recall Ancestor, Ancestor Identity, Renounce Religion


You were on level 4 of the Dungeon.
You worshipped Hepliaklqana.
Hepliaklqana was aware of your devotion.
You were hungry.

You visited 1 branch of the dungeon, and saw 4 of its levels.

You collected 198 gold pieces.

Inventory:

Hand Weapons
 a - a +0 trident
 t - a +0 spear of venom (weapon)
Missiles
 d - 3 throwing nets (quivered)
 l - 55 arrows
Armour
 b - a +0 leather armour (worn)
 c - a +0 helmet (worn)
Jewellery
 i - an uncursed ring of stealth {unknown}
Wands
 y - a wand of random effects (24/48)
Scrolls
 e - 5 scrolls of identify {unknown}
 h - 3 scrolls of magic mapping {unknown}
 q - a scroll of random uselessness {unknown}
 r - a scroll of fear {unknown}
 u - a scroll of blinking {unknown}
 v - a scroll of teleportation {unknown}
 x - a scroll of amnesia {unknown}
 A - a scroll of remove curse {unknown}
Potions
 g - a potion of ambrosia {unknown}
 j - a potion of lignification {unknown}
 k - 2 potions of heal wounds {unknown}
 m - a potion of degeneration {unknown}
 n - a potion of curing {unknown}
 o - a potion of flight {unknown}
Books
 p - a book of Changes

   Spells                             Type                      Level
   a - Beastly Appendage              Transmutation                1
   b - Sticks to Snakes               Transmutation                2
   c - Spider Form                    Transmutation/Poison         3
   d - Ice Form                       Ice/Transmutation            4
   e - Blade Hands                    Transmutation                5
Comestibles
 f - 5 bread rations
 s - a meat ration
 w - 2 royal jellies


   Skills:
 + Level 5.6 Fighting
 + Level 5.8 Polearms
 - Level 2.1 Throwing
 - Level 2.1 Dodging


You had 6 spell levels left.
You didn't know any spells.

Dungeon Overview and Level Annotations

Branches:
Dungeon (4/15)
 Temple: D:4-7

Altars:
Elyvilon
Hepliaklqana
The Shining One


Innate Abilities, Weirdness & Mutations

You have hooves in place of feet.
Armour fits poorly on your strangely shaped body.
You cover ground very quickly.
You have extremely tough skin. (AC +3)
Your life essence is reduced to manifest your ancestor. (-10% HP)


Message History

The yak is severely wounded.
The yak barely misses you.
The yak gores the plant but does no damage.
Arif barely misses the yak.
The yak gores the plant. x2
You barely miss the yak.
The yak is severely wounded.
The yak completely misses you.
The yak gores the plant but does no damage.
Arif hits the yak.
The yak completely misses the plant.
The yak gores the plant!
The plant is destroyed!
You hit the yak but do no damage.
The yak looks as sick as possible!
The yak is severely wounded.
The yak gores you!
* * * LOW HITPOINT WARNING * * *
The yak gores the plant.
Arif hits the yak.
The yak gores the plant.
You hit the yak.
The yak looks as sick as possible!
The yak is almost dead.
The yak gores you!
You die...

............##PP≈≈..##.≈≈♣P≈.....
............##≈≈≈P≈.##P.≈≈.P.....
......o.....##PP≈≈.PP#P≈≈PP......
....(.......##PP≈♣PPP.P≈♣PP......
...............≈♣≈≈PPPP♣PPR......
.....########..R≈≈♣♣P♣♣≈P≈.......
..... ###YYY≈≈♣≈≈≈P.#.#'### .....
##YP♣≈♣≈≈≈P.#.#.#
#@P≈≈≈≈≈P#.#.#.# #PPP≈≈≈P.#.#.#.#
##≈≈P≈PP.#R#.#.# ##≈.≈PP.#.#.#.#
##.....#.#.#.# ##.####.#.#.#
#.####.#.#.# #..R.....#.#
######.###.#


You could see the friendly Arif the ancestor and 4 yaks.

Vanquished Creatures
  2 yaks (D:4)
  2 scorpions (D:4)
  An orc priest (D:4)
  2 worker ants (D:4)
  An orc wizard (D:4)
  5 adders
  A worm (D:2)
  5 orcs
  A giant cockroach (D:1)
  9 goblins
  6 hobgoblins
  7 jackals (D:1)
  5 kobolds
  A quokka (D:2)
  A ball python (D:4)
  A ball python skeleton (D:4)
  3 bats
  A frilled lizard (D:3)
  6 rats
60 creatures vanquished.

Vanquished Creatures (collateral kills)
  An adder skeleton (D:4)
  2 orcs (D:4)
3 creatures vanquished.

Vanquished Creatures (others)
  An ancestor (D:4)
  3 plants (D:4)
4 creatures vanquished.

Grand Total: 67 creatures vanquished

Notes
Turn   | Place    | Note
-------+----------+-------------------------------------------
     0 | D:1      | Knicklaso the Centaur Gladiator began the quest for the Orb.
     0 | D:1      | Reached XP level 1. HP: 17/17 MP: 1/1
    86 | D:1      | Reached XP level 2. HP: 25/25 MP: 2/2
   689 | D:2      | Reached XP level 3. HP: 30/30 MP: 3/3
   857 | D:2      | Found a white marble altar of Elyvilon.
  1154 | D:2      | Found a faded altar of an unknown god.
  1187 | D:2      | Reached XP level 4. HP: 38/38 MP: 4/4
  1824 | D:3      | Found a hazy altar of Hepliaklqana.
  1833 | D:3      | Became a worshipper of Hepliaklqana the Forgotten
  2175 | D:3      | Found a glowing golden altar of the Shining One.
  2245 | D:4      | Reached XP level 5. HP: 32/41 MP: 5/5
  2507 | D:4      | Reached XP level 6. HP: 46/47 MP: 6/6
  2513 | D:4      | Reached skill level 5 in Polearms
  2970 | D:4      | Noticed a yak
  2971 | D:4      | Noticed a yak
  2971 | D:4      | Noticed a yak
  2972 | D:4      | Noticed a yak
  2972 | D:4      | Noticed a yak
  2973 | D:4      | Noticed a yak
  2976 | D:4      | Reached * piety under Hepliaklqana
  2999 | D:4      | Killed a yak
  2999 | D:4      | Reached skill level 5 in Fighting
  3008 | D:4      | Killed a yak
  3008 | D:4      | Reached XP level 7. HP: 18/54 MP: 7/7
  3018 | D:4      | Mangled by a yak

Skill      XL: |  1  2  3  4  5  6 |
---------------+-------------------+-----
Polearms       | 3 4 5 |  5.8
Fighting       | 3 4 5 |  5.6
Throwing       | |  2.1
Dodging        | |  2.1

Action                   |  1- 3 |  4- 6 |  7- 9 || total
-------------------------+-------+-------+-------++-------
Melee: Trident           |   105 |       |       ||   105
       Kick              |    14 |    14 |     3 ||    31
       Spear             |       |    80 |    10 ||    90
  Eat: Chunk             |       |     4 |       ||     4
Armor: Leather armour    |    34 |     6 |     1 ||    41
Dodge: Dodged            |    35 |    12 |     3 ||    50
